 Dungeon Crawl Stone Soup version 0.28-a0-178-ga708605c5b (webtiles) character file.

Game seed: 1406803390884019666

291 omnomnOMINOUS the Chopper (level 6, -10/43 HPs)
             Began as an Octopode Wanderer on Aug 17, 2021.
             Was an Initiate of the Shining One.
             Mangled by an ogre (27 damage)
             ... on level 4 of the Dungeon.
             The game lasted 00:11:25 (5202 turns).

omnomnOMINOUS the Chopper (Octopode Wanderer)       Turns: 5202, Time: 00:11:26

Health: -10/43     AC:  1    Str: 13    XL:     6   Next: 32%
Magic:  6/6        EV: 13    Int: 14    God:    the Shining One [......]
Gold:   182        SH:  0    Dex: 12    Spells: 5/5 levels left

rFire   . . .      SeeInvis .   a - +2 dagger (protect)
rCold   + . .      Faith    .   (no shield)
rNeg    . . .      Spirit   .   (helmet restricted)
rPois   .          Reflect  .   (no amulet)
rElec   .          Harm     .   g - ring of protection from cold
rCorr   .          Rampage  .   o - +4 ring of slaying
Will    .....                   (no ring)
Stlth   +.........              (no ring)
HPRegen 0.14/turn               (no ring)
MPRegen 0.10/turn               (no ring)
                                (no ring)
                                (no ring)

@: glowing
A: almost no armour, amphibious, 8 rings, camouflage 1, gelatinous body 1,
(nimble swimmer 1), tentacles
a: Renounce Religion


You were on level 4 of the Dungeon.
You worshipped the Shining One.
The Shining One was noncommittal.
You visited 2 branches of the dungeon, and saw 5 of its levels.

You collected 182 gold pieces.

Inventory:

Hand Weapons
 a - a +2 dagger of protection (weapon)
 c - a +0 hand axe
Missiles
 d - 17 poisoned darts (quivered)
Magical Staves
 q - a staff of fire
Jewellery
 g - a ring of protection from cold (left tentacle)
 i - a ring of flight
 o - a +4 ring of slaying (right tentacle)
Scrolls
 e - 2 scrolls of identify {unknown}
 f - a scroll of torment {unknown}
 h - 4 scrolls of amnesia {unknown}
 p - a scroll of immolation {unknown}
 r - 2 scrolls of magic mapping {unknown}
 s - a scroll of silence {unknown}
Potions
 b - a potion of berserk rage {unknown}
 j - 2 potions of curing {unknown}
 k - a potion of lignification {unknown}
 l - a potion of might
 m - a potion of heal wounds
 n - a potion of degeneration {unknown}
 t - a potion of magic {unknown}
 u - a potion of attraction {unknown}


   Skills:
 + Level 4.2 Fighting
 * Level 5.9(6.0) Axes
 - Level 1.0(3.8) Maces & Flails
 - Level 1.0 Throwing
 + Level 2.7 Dodging
 - Level 1.3 Stealth


You had 5 spell levels left.
You didn't know any spells.
Your spell library contained the following spells:

 Spells                   Type           Power      Damage    Failure   Level
 Ensorcelled Hibernation  Hex/Ice        0%         N/A       41%         2
 Portal Projectile        Hex/Tloc       0%         N/A       65%         3
 Summon Ice Beast         Ice/Summ       0%         N/A       96%         4
 Blade Hands              Tmut           0%         N/A       100%        5
 Excruciating Wounds      Necr           0%         N/A       100%        5
 Metabolic Englaciation   Hex/Ice        0%         N/A       100%        5
 Simulacrum               Ice/Necr       0%         N/A       100%        6


Dungeon Overview and Level Annotations

Branches:
Dungeon (4/15)             Temple (1/1) D:4

Altars:
Ashenzari
Cheibriados
Dithmenos
Hepliaklqana
Makhleb
Nemelex Xobeh
Ru
Sif Muna
Yredelemnul
The Shining One

Shops:
D:2 [


Innate Abilities, Weirdness & Mutations

You cannot wear most types of armour.
You are amphibious.
You can wear up to eight rings at the same time.
Your skin changes colour to match your surroundings (Stealth+).
Your rubbery body absorbs attacks. (AC +1, EV +1)
((You are camouflaged near water. (Stealth+)))
You have tentacles for arms and can constrict up to eight enemies at once.


Message History

Unknown command.
b - a bubbling puce potion
t - a white potion
u - a murky blue potion You now have 182 gold pieces (gained 7).
An ogre is nearby!
The ogre shouts!
Throw: 21 darts (poison)
Press: ? - help, Q - select action Shift-Dir - straight line, f - ogre
Aim: an ogre, wielding a +0 giant spiked club (77% to hit)
You throw a poisoned dart. The poisoned dart hits the ogre.
Throw: 20 darts (poison)
Press: ? - help, Q - select action Shift-Dir - straight line, f/p - ogre
Aim: an ogre, wielding a +0 giant spiked club (77% to hit)
You throw a poisoned dart.
The poisoned dart barely misses the ogre.
Throw: 19 darts (poison)
Press: ? - help, Q - select action Shift-Dir - straight line, f/p - ogre
Aim: an ogre, wielding a +0 giant spiked club (77% to hit)
You throw a poisoned dart. The poisoned dart hits the ogre.
The ogre is poisoned.
Throw: 18 darts (poison)
Press: ? - help, Q - select action Shift-Dir - straight line, f/p - ogre
Aim: an ogre, wielding a +0 giant spiked club (poisoned, 77% to hit)
You throw a poisoned dart.
The poisoned dart barely misses the ogre.
You hit the ogre.
Your weapon exudes an aura of protection.
The ogre is lightly wounded.
The ogre hits you with a +0 giant spiked club!!
Ouch! That really hurt!
Really wriggle into that dispersal trap?
You enter a dispersal trap!
The ogre blinks! x2; You blink.
The ogre looks more healthy.
Unknown command.
Really wriggle into that dispersal trap?
You enter a dispersal trap!
You blink.
The ogre hits you with a +0 giant spiked club!!
Ouch! That really hurt!
You die...

#.######### #.........############
#.###................#
####.###.###..########### ######
.......#.# #..##.##.## #.....
###.##.#.# #..)......# #.#### #
#.##.#.####.##.##.## #.#### #
#.##....(##[##.##.########.....
###....)O.......@.......##.......
.....<#######.##O##ยง###.#........
###...###..(.(##.##.# #.#....##.#
#............(.##.###.#.##.##.#
####..#####.#.##(................
......#####......##.......##.....
#####.........#####.#............
##......#######.#....##'###.#
#.#.##..............##.###.#


You could see an ogre.

Vanquished Creatures
  A scorpion (D:4)
  A howler monkey (D:4)
  An orc priest (D:4)
  Terence (D:3)
  An iguana (D:4)
  A hound skeleton (D:4)
  An adder (D:2)
  3 worms
  2 dart slugs
  6 orcs (D:4)
  4 endoplasms
  2 giant cockroaches
  4 goblins
  8 hobgoblins
  6 jackals
  8 kobolds
  2 quokkas (D:4)
  8 ball pythons
  7 bats
  2 frilled lizards (D:1)
  12 rats
81 creatures vanquished.

Notes
Turn   | Place    | Note
-------+----------+-------------------------------------------
     0 | D:1      | omnomnOMINOUS the Octopode Wanderer began the quest for the
                  | Orb.
     0 | D:1      | omnomnOMINOUS set off with the following items: a +2
                  | dagger, a potion of heal wounds, a +0 hand axe, 10 poisoned
                  | darts, a +0 dagger
     0 | D:1      | Reached XP level 1. HP: 16/16 MP: 1/1
   234 | D:1      | Reached XP level 2. HP: 21/21 MP: 2/2
   654 | D:1      | Reached skill level 1 in Dodging
   668 | D:1      | Reached XP level 3. HP: 22/26 MP: 3/3
  2047 | D:2      | Reached XP level 4. HP: 27/31 MP: 4/4
  2256 | D:2      | Found Kaefesch's Antique Armour Boutique.
  2296 | D:2      | Found a sparkling altar of Nemelex Xobeh.
  2573 | D:3      | Got the Papyrus of the Snowflakes
  2700 | D:3      | Noticed Terence
  2710 | D:3      | Killed Terence
  2711 | D:3      | Reached skill level 5 in Axes
  3261 | D:4      | Reached XP level 5. HP: 33/37 MP: 5/5
  3460 | D:4      | Noticed an ogre
  3474 | D:4      | HP: 1/37 [ogre (30)]
  4194 | D:4      | Reached XP level 6. HP: 26/43 MP: 6/6
  4829 | D:4      | Found a staircase to the Ecumenical Temple.
  4853 | Temple   | Entered the Ecumenical Temple
  4996 | Temple   | Became a worshipper of the Shining One
  5202 | D:4      | Mangled by an ogre

Illustrated notes

Levels and vault maps discovered:
D:1:      dpeg_arrival_rhombus, layout_basic,
          shapermc_ecumenical_altar_mp_urbaneastern, minmay_rat_gold_closets
D:2:      layout_rooms, serial_shops, shop_fountains, basic_altar,
          serial_park_tiny_2, corexii_hall_statues_deadend
D:3:      layout_basic, grunt_ministairs_13, uniq_terence
D:4:      layout_basic, minmay_temple_entry_antechambers, dk_noncrumbling_2,
          kennysheep_flooded_box
Temple:   dpeg_three_leaves_temple

Skill      XL: |  1  2  3  4  5 |
---------------+----------------+-----
Dodging        | 1 2 |  2.7
Axes           | 5 |  5.9
Fighting       | 4 |  4.2
Maces & Flails | |  1.0
Throwing       | |  1.0
Stealth        | |  1.3

Action                   |  1- 3 |  4- 6 || total
-------------------------+-------+-------++-------
Melee: Dagger            |    83 |    92 ||   175
       Constrict         |    17 |    21 ||    38
       Tentacles         |    11 |    12 ||    23
Throw: Dart              |       |    13 ||    13
 Stab: Sleeping          |     9 |     1 ||    10
Armor: Skin              |     8 |     9 ||    17
Dodge: Dodged            |    52 |    45 ||    97

Table legend: (Time is in decaauts)
 A = Elapsed time spent in this place.
 B = Non-inter-level travel time spent in this place.
 C = Inter-level travel time spent in this place.
 D = Time resting spent in this place.
 E = Time spent auto-exploring this place.
 F = Levels seen in this place.
 G = Mean time per level.
                   A        B        C        D        E       F      G
               +--------+--------+--------+--------+--------+-----+--------+
         Total |   5199 |   5022 |    177 |   1570 |   2511 |   5 | 1039.8 |
       Dungeon |   5045 |   4868 |    177 |   1570 |   2446 |   4 | 1261.2 |
        Temple |    154 |    154 |      0 |      0 |     65 |   1 |  154.0 |
               +--------+--------+--------+--------+--------+-----+--------+

Top non-repeatable levels by time:
     D:1: 1348 daAuts
     D:4: 1338 daAuts
     D:3: 1325 daAuts
     D:2: 1032 daAuts
  Temple: 154 daAuts
